 Dungeon Crawl Stone Soup version 0.27.1-3-gb3d3a73c9e (webtiles) character file.

Game seed: 7621114571326808503

1220 Urokeeper the Sneak (level 8, -2/73 HPs)
             Began as a Deep Dwarf Brigand on Oct 12, 2021.
             Was an Initiate of Elyvilon.
             Slain by a two-headed ogre (16 damage)
             ... on level 6 of the Dungeon.
             The game lasted 00:20:09 (4638 turns).

Urokeeper the Sneak (Deep Dwarf Brigand)            Turns: 4638, Time: 00:20:09

Health: -2/73      AC:  6    Str: 15    XL:     8   Next: 23%
Magic:  0/0        EV: 13    Int: 13    God:    Elyvilon [......]
Gold:   191        SH:  0    Dex: 15    Spells: 7/7 levels left

rFire    . . .     SeeInvis .   a - +3 dagger
rCold    . . .     Faith    .   (no shield)
rNeg     . . .     Spirit   .   g - +0 leather armour
rPois    .         Reflect  .   o - +1 helmet
rElec    .         Harm     .   c - +0 cloak
rCorr    +         Rampage  .   (no gloves)
Will     +....                  (no boots)
Stlth    +++.......             y - amulet of magic regeneration
HPRegen  0.00/turn              n - ring of resist corrosion
MPRegen  0.32/turn              (no ring)

@: no status effects
A: damage resistance, heal wounds, sense surroundings 1, no regeneration,
mutation resistance 1
a: Heal Wounds, Renounce Religion


You were on level 6 of the Dungeon.
You worshipped Elyvilon.
Elyvilon was noncommittal.
You visited 2 branches of the dungeon, and saw 7 of its levels.

You collected 227 gold pieces.
You spent 36 gold pieces at shops.

Inventory:

Hand Weapons
 a - a +3 dagger (weapon)
 i - a +0 short sword
Missiles
 d - 26 poisoned darts
 e - a curare-tipped dart (quivered)
Armour
 b - a +0 robe
 c - a +0 cloak (worn)
 g - a +0 leather armour (worn)
 o - a +1 helmet (worn)
Jewellery
 n - a ring of resist corrosion (left hand)
 y - an amulet of magic regeneration (around neck)
Wands
 q - a wand of flame (20)
 u - a wand of digging (5)
Scrolls
 h - a scroll of vulnerability
 j - a scroll of teleportation
 t - a scroll of magic mapping
 v - 2 scrolls of amnesia
 w - a scroll of fog {unknown}
 x - a scroll of blinking {unknown}
Potions
 f - a potion of heal wounds {unknown}
 k - a potion of ambrosia {unknown}
 r - a potion of might {unknown}
 z - a potion of brilliance {unknown}


   Skills:
 + Level 4.3 Fighting
 + Level 4.2 Short Blades
 + Level 4.3 Throwing
 + Level 4.8 Dodging
 + Level 7.6 Stealth


You had 7 spell levels left.
You didn't know any spells.
Your spell library contained the following spells:

 Spells                   Type           Power      Damage    Failure   Level
 Animate Skeleton         Necr           0%         N/A       36%         1
 Apportation              Tloc           0%         N/A       36%         1
 Corona                   Hex            0%         N/A       36%         1
 Freeze                   Ice            0%         1d3       36%         1
 Summon Small Mammal      Summ           0%         N/A       36%         1
 Spider Form              Tmut/Pois      0%         N/A       75%         3
 Alistair's Intoxication  Tmut/Pois      0%         N/A       100%        5
 Freezing Cloud           Conj/Ice/Air   0%         6-21      100%        5
 Invisibility             Hex            0%         N/A       100%        6
 Chain Lightning          Conj/Air       0%         N/A       100%        9
 Fire Storm               Conj/Fire      0%         5d1       100%        9


Dungeon Overview and Level Annotations

Branches:
Dungeon (6/15)             Temple (1/1) D:5

Altars:
Ashenzari
Cheibriados
Elyvilon
Gozag
Hepliaklqana
Kikubaaqudgha
Nemelex Xobeh
Okawaru
Qazlal
Ru
Trog
Uskayaw
Vehumet
Xom
Zin
The Shining One

Shops:
D:2 *

Portals:
Abyss: D:3

Annotations:
D:3 2 transporters, Yaksher's ghost, amateur DEFE


Innate Abilities, Weirdness & Mutations

You are resistant to damage.
You can heal yourself by infusing magical energy.
You passively map a small area around you.
You do not regenerate.
You are somewhat resistant to further mutation.


Message History

The hound barely misses you.
You closely miss the hound.
The hound is moderately wounded.
The hound bites you but does no damage.
You barely miss the hound.
The hound is moderately wounded.
The hound barely misses you.
You hit the hound.
The hound is heavily wounded.
The hound misses you. x2
You hit the hound.
The hound is severely wounded.
The hound bites you but does no damage.
You hit the hound.
The hound is almost dead.
The hound bites you.
You hit the hound.
You kill the hound!
The two-headed ogre shouts in stereo!
Found 14 gold pieces.
Throw: 2 darts (curare)
Press: ? - help, Q - select action, (/) - cycle Shift-Dir - straight line, f - two-headed ogre
Aim: a two-headed ogre, wielding a +0 dire flail and a +0 giant club (77% to hit)
You throw a curare-tipped dart.
The curare-tipped dart hits the two-headed ogre.
The two-headed ogre is poisoned.
The two-headed ogre convulses.
The two-headed ogre seems to slow down.
The two-headed ogre is lightly wounded.
The two-headed ogre hits you with a +0 dire flail!!
* * * LOW HITPOINT WARNING * * *
The two-headed ogre closely misses you.
You closely miss the two-headed ogre.
The two-headed ogre is lightly wounded.
You hit the two-headed ogre.
The two-headed ogre is moderately wounded.
You barely miss the two-headed ogre.
The two-headed ogre is moderately wounded.
The two-headed ogre barely misses you.
The two-headed ogre hits you with a +0 giant club!
You die...

,,*#..........# *,,,,,*
,,*#.$#.......# ****,,*
,,,...........## *,,*
,,,#...........# *<,*
*,,#.########O.# *,,*
*,,*,* #..# *,,* ,,,,,*
#..# *,,# *,,***
#.(######..# *,,*
######..O@....$.#
**,#####).....#######.##
*,#.)..)###### *,*
*,####..# *,* *,*
#..###### *,* **,**
#.......# *,* *,,,*
#.#####.# *,* *,*,* #.#
#.# *,* *,*,**#.# #.#
*,*


You could see a two-headed ogre (very poisoned, slow).

Vanquished Creatures
  A troll (D:5)
  Grinder (D:3)
  An ogre (D:5)
  2 phantoms
  2 scorpions
  A gnoll sergeant (D:5)
  A howler monkey (D:5)
  2 hounds
  Crazy Yiuf (D:2)
  A bullfrog skeleton (D:5)
  A hound zombie (D:5)
  Robin (D:3)
  7 gnolls
  7 adders
  2 dart slugs (D:1)
  6 orcs
  10 endoplasms
  6 giant cockroaches
  12 goblins
  12 hobgoblins
  3 kobolds
  7 ball pythons
  6 bats
  5 rats
98 creatures vanquished.

Vanquished Creatures (others)
  2 fungi (D:2)
  A plant (D:2)
3 creatures vanquished.

Grand Total: 101 creatures vanquished

Notes
Turn   | Place    | Note
-------+----------+-------------------------------------------
     0 | D:1      | Urokeeper the Deep Dwarf Brigand began the quest for the
                  | Orb.
     0 | D:1      | Reached XP level 1. HP: 19/19 MP: 1/1
   108 | D:1      | Got the Reference Book on Virous Cold
   135 | D:1      | Reached skill level 5 in Stealth
   135 | D:1      | Reached XP level 2. HP: 19/26 MP: 2/2
   394 | D:1      | Found a faded altar of an unknown god.
   617 | D:1      | Reached XP level 3. HP: 21/32 MP: 2/2
  1030 | D:2      | Found an iron altar of Okawaru.
  1068 | D:2      | Found Vuzakut's General Store.
  1171 | D:2      | Reached XP level 4. HP: 40/40 MP: 3/3
  1610 | D:2      | Found a runed translucent door.
  1611 | D:2      | Noticed Crazy Yiuf
  1618 | D:2      | Killed Crazy Yiuf
  1734 | D:3      | Found a one-way gate to the infinite horrors of the Abyss.
  1734 | D:3      | Noticed Yaksher's ghost (amateur DEFE)
  1749 | D:3      | Noticed a kobold brigand
  1758 | D:3      | Noticed Robin
  1778 | D:3      | Reached XP level 5. HP: 39/46 MP: 4/4
  1795 | D:3      | Killed Robin
  1884 | D:3      | Found a glowing silver altar of Zin.
  1899 | D:3      | Noticed Grinder
  1915 | D:3      | Paralysed by Grinder for 3 turns
  1920 | D:3      | Paralysed by Grinder for 6 turns
  1953 | D:3      | Paralysed by Grinder for 3 turns
  1966 | D:3      | Paralysed by Grinder for 3 turns
  1990 | D:3      | Killed Grinder
  1991 | D:3      | Reached skill level 6 in Stealth
  1991 | D:3      | Reached XP level 6. HP: 30/56 MP: 2/2
  2079 | D:3      | Found a transporter.
  2086 | D:3      | Found a transporter.
  2718 | D:4      | Reached XP level 7. HP: 59/62 MP: 3/3
  2822 | D:4      | Found an opulent altar of Gozag.
  3251 | D:5      | Entered Level 5 of the Dungeon
  3263 | D:5      | Noticed a troll
  3344 | D:5      | Killed a troll
  3381 | D:5      | Reached skill level 7 in Stealth
  3410 | D:5      | Found a staircase to the Ecumenical Temple.
  3462 | Temple   | Entered the Ecumenical Temple
  3602 | Temple   | Became a worshipper of Elyvilon the Healer
  3734 | D:5      | Found a stormy altar of Qazlal.
  3933 | D:5      | Reached XP level 8. HP: 26/72 MP: 2/2
  4309 | D:2      | Bought a potion of curing for 36 gold pieces
  4508 | D:6      | Noticed a two-headed ogre
  4574 | D:6      | Gained mutation: You are strong-willed. (Will+) [potion of
                  | mutation]
  4574 | D:6      | Gained mutation: Your body sometimes deteriorates upon
                  | taking damage. [potion of mutation]
  4575 | D:6      | Lost mutation: Your body sometimes deteriorates upon taking
                  | damage. [potion of mutation]
  4575 | D:6      | Lost mutation: You are strong-willed. (Will+) [potion of
                  | mutation]
  4575 | D:6      | Gained mutation: You are somewhat resistant to further
                  | mutation. [potion of mutation]
  4638 | D:6      | Slain by a two-headed ogre

Illustrated notes

Levels and vault maps discovered:
D:1:      lightli_arrival_windingriver, layout_basic, serial_rivers,
          chequers_serial_rivers_large_a, chequers_serial_rivers_micro_d,
          chequers_serial_rivers_micro_e, chequers_serial_rivers_micro_b,
          ebering_ecumenical_altar_abandoned
D:2:      layout_rooms, basic_altar, serial_shops, shop,
          minmay_misc_feat_ornament, amcnicky_mini_rare_corridor_liquid,
          amcnicky_mini_corridor_feature, serial_bayou_pond_c,
          minmay_misc_feat_enclosed, minivault_26, minmay_tripent,
          uniq_crazy_yiuf_cottage
D:3:      layout_loops_ring, zin_academy, gammafunk_ghost_abyssal_escape,
          uniq_grinder, uniq_robin
D:4:      layout_cave_pods, grunt_gozag_statues
D:5:      layout_loops_ring, nicolae_qazlal_general_emergency, temple_doors_e,
          st_stairs_1
D:6:      minmay_general_purpose_star, layout_loops_ring, uniq_duvessa,
          uniq_pikel
Temple:   dshaligram_water_room_temple

Skill      XL: |  1  2  3  4  5  6  7 |
---------------+----------------------+-----
Stealth        | 5 6 7 |  7.6
Fighting       | 2 3 4 |  4.3
Short Blades   | 2 3 4 |  4.2
Throwing       | 2 3 4 |  4.3
Dodging        | 2 3 4 |  4.8

Action                   |  1- 3 |  4- 6 |  7- 9 || total
-------------------------+-------+-------+-------++-------
Melee: Dagger            |    91 |    90 |   185 ||   366
       Short sword       |       |    58 |       ||    58
Throw: Dart              |       |     4 |    11 ||    15
 Abil: Heal Wounds       |     3 |     6 |     9 ||    18
  Use: Scroll            |     1 |     2 |     4 ||     7
       Potion            |       |       |     5 ||     5
 Stab: Sleeping          |    19 |    11 |     5 ||    35
       Distracted        |       |       |     1 ||     1
Armor: Robe              |     3 |       |       ||     3
       Leather armour    |    14 |    42 |    36 ||    92
Dodge: Dodged            |    46 |    81 |    82 ||   209
